 Dungeon Crawl Stone Soup version 0.17.0-28-g6e173f8 (webtiles) character file.

31 M4edhros the Sneak (level 3, 0/23 HPs)
             Began as an Octopode Wanderer on Nov 26, 2015.
             Slain by a gnoll
             ... wielding a +0 flail
              (8 damage)
             ... on level 3 of the Dungeon.
             The game lasted 00:01:07 (778 turns).

M4edhros the Sneak (Octopode Wanderer)               Turns: 778, Time: 00:01:07

Health: 0/23       AC:  2    Str: 12    XL:     3   Next: 22%
Magic:  4/4        EV: 11    Int: 15    God:
Gold:   68         SH:  0    Dex: 15    Spells: 0 memorised, 4 levels left

rFire  . . .     SeeInvis .     d - +0 dagger
rCold  . . .     Clarity  .     (no shield)
rNeg   . . .     SustAt   .     (helmet restricted)
rPois  .         Gourm    .     (no amulet)
rElec  .         Spirit   .     g - +1 ring of protection
rCorr  .         Warding  .     (no ring)
rMut   .         Stasis   .     (no ring)
MR     .....                    (no ring)
Stlth  ++++......               (no ring)
                                (no ring)
                                (no ring)
                                (no ring)

@: brilliant, very slightly contaminated, hasted, very quick, not resistant to
hostile enchantments, stealthy
A: almost no armour, amphibious, 8 rings, constrict 8, camouflage 1, gelatinous
body 1
a: no special abilities


You were on level 3 of the Dungeon.
You were not hungry.

You visited 1 branch of the dungeon, and saw 3 of its levels.

You collected 68 gold pieces.

Inventory:

Hand Weapons
 d - a +0 dagger (weapon)
Missiles
 p - 5 stones (quivered)
Jewellery
 g - a +1 ring of protection (left tentacle)
Scrolls
 n - a scroll of remove curse
Potions
 b - a potion of lignification
 c - 2 potions of curing
 i - 2 potions of cancellation
 l - a potion of brilliance
Books
 a - a book of Callings

   Spells                             Type                      Level
   a - Summon Small Mammal            Summoning                    1
   b - Call Imp                       Summoning                    2
   c - Call Canine Familiar           Summoning                    3
   d - Summon Guardian Golem          Hexes/Summoning              3
   e - Summon Lightning Spire         Summoning/Air                4
   f - Summon Ice Beast               Ice/Summoning                4
Comestibles
 e - a bread ration
 f - a meat ration


   Skills:
 - Level 1.0 Fighting
 - Level 2.0 Short Blades
 + Level 4.4 Stealth
   Level 1.0 Shields
 - Level 1.0 Spellcasting
   Level 3.0 Summonings
   Level 1.0 Translocations


You had 4 spell levels left.
You didn't know any spells.

Dungeon Overview and Level Annotations

Branches:
Dungeon (3/15)

Altars:


Innate Abilities, Weirdness & Mutations

You cannot wear most types of armour.
You are amphibious.
You can wear up to eight rings at the same time.
You can use your tentacles to constrict eight enemies at once.
Your skin changes colour to match your surroundings (Stealth).
Your rubbery body absorbs attacks (AC +1).


Message History

Your resistance to elements expires.
Drink which item? (? for menu, Esc to quit)
It was a potion of heal wounds.
You feel much better.
Drink which item? (? for menu, Esc to quit)
It was a potion of brilliance.
You feel clever all of a sudden.
Drink which item? (? for menu, Esc to quit)
It was a potion of haste.
You feel yourself speed up. The gnoll hits you with a flail!
You are very lightly contaminated with residual magic.
You hit the gnoll but do no damage. Your grab misses the gnoll.
You squeeze the gnoll, but do no damage.
The gnoll hits you with a flail.
You hit the gnoll. You grab the gnoll.
The gnoll is lightly wounded.
You constrict the gnoll, but do no damage.
You hit the gnoll.
The gnoll is moderately wounded.
You constrict the gnoll. The gnoll hits you with a flail!
You die...

##........ #...#.....
#####.g.#....†
##.g.....#..... ##..#
#...##### ##### ###..##
##.#.## ##...##
#...#####..#..# ##.....##
#g#####hh.###.#
#.......###@# #..### #(#
#.......#...# #g## #.#
#.......#.######.######.#
#.....#..##...g...h.##..
##.......###......h..###.
#<......## #.....g<..# .
#.......# #........g#
#......)# #...........
##.....## ###########g.


You could see a gnoll.

Vanquished Creatures
  An adder (D:2)
  A bat (D:3)
  3 giant cockroaches
  2 goblins (D:1)
  4 hobgoblins
  A jackal (D:2)
  A giant gecko (D:2)
  2 giant newts
  3 kobolds
  3 rats
21 creatures vanquished.

Notes
Turn   | Place    | Note
--------------------------------------------------------------
     0 | D:1      | M4edhros the Octopode Wanderer began the quest for the Orb.
     0 | D:1      | M4edhros set off with: a book of Callings, a potion of lignification, a potion of curing, a +0 dagger, a bread ration
     0 | D:1      | Reached XP level 1. HP: 13/13 MP: 2/2
   226 | D:1      | Reached XP level 2. HP: 16/18 MP: 3/3
   428 | D:2      | Reached skill level 4 in Stealth
   428 | D:2      | Reached XP level 3. HP: 20/23 MP: 4/4
   778 | D:3      | Slain by a gnoll

Action                   || total
-------------------------++-------
Melee: Dagger            ||    46
  Use: Potion            ||     5
       Scroll            ||     3
 Stab: Sleeping          ||     6
